 Dungeon Crawl Stone Soup version 0.32-a0-540-g866d13106e (webtiles) character file.

Game seed: 2389337433953036652

56 Dordric the Firebug (level 3, 0/26 HPs)
             Began as a Mountain Dwarf Fire Elementalist on Feb 26, 2024.
             Slain by Terence
             ... wielding a +0 short sword
              (3 damage)
             ... on level 3 of the Dungeon on Feb 29, 2024.
             The game lasted 00:07:04 (2661 turns).

Dordric the Firebug (MDFE)                          Turns: 2661, Time: 00:07:05

Health: 0/26       AC:  5    Str: 10    XL:     3   Next: 69%
Magic:  5/5        EV: 10    Int: 17    God:
Gold:   85         SH:  0    Dex: 10    Spells: 2/5 levels left

rFire   . . .        d - +0 short sword
rCold   + . .        (no shield)
rNeg    . . .        n - +0 ring mail
rPois   .            (no helmet)
rElec   .            (no cloak)
rCorr   .            (no gloves)
SInv    .            (no boots)
Will    .....        (no amulet)
Stlth   +            h - ring of protection from cold
HPRegen 0.24/turn    (no ring)
MPRegen 0.09/turn

%: no passive effects
@: no status effects
A: runic magic, artefact enchanting
a: no special abilities


You were on level 3 of the Dungeon.
You visited 1 branch of the dungeon, and saw 3 of its levels.

You collected 85 gold pieces.

Inventory:

Hand Weapons
 d - a +0 short sword (weapon)
Armour
 a - a +0 robe
 g - a +0 leather armour
 n - a +0 ring mail (worn)
Jewellery
 h - a ring of protection from cold (left hand)
Scrolls
 c - 2 scrolls of noise {unknown}
 e - a scroll of enchant weapon {unknown}
 f - a scroll of teleportation {unknown}
 i - 2 scrolls of identify {unknown}
 k - a scroll of enchant armour {unknown}
 m - 3 scrolls of fog {unknown}
 o - 3 scrolls of vulnerability {unknown}
Potions
 b - a potion of magic
 j - a potion of attraction {unknown}
 l - a potion of curing {unknown}


   Skills:
 - Level 1.3 Dodging
 - Level 1.4 Stealth
 - Level 1.7 Spellcasting
 - Level 0.8 Conjurations
 + Level 5.7 Fire Magic


You had 2 spell levels left.
You knew the following spells:

 Your Spells              Type           Power      Damage    Failure   Level
a - Foxfire               Conj/Fire      48%        2x1d6     7%          1
b - Scorch                Fire           42%        2d6       3%          2

Your spell library contained the following spells:

 Spells                   Type           Power      Damage    Failure   Level
 Kiss of Death            Conj/Necr      8%         2d6       22%         1
 Freeze                   Ice            4%         1d3       26%         1
 Inner Flame              Hex/Fire       11%        N/A       24%         3
 Volatile Blastmotes      Fire/Tloc      22%        2d11      24%         3
 Hailstorm                Conj/Ice       2%         3d5       54%         3
 Flame Wave               Conj/Fire      12%        2d6       54%         4
 Confusing Touch          Hex            1%         N/A       58%         3
 Frozen Ramparts          Ice            2%         1d1       58%         3
 Gell's Gravitas          Tloc           1%         N/A       58%         3
 Teleport Other           Tloc           1%         N/A       58%         3
 Dispel Undead            Necr           1%         3d6       94%         4
 Dispersal                Tloc           0%         N/A       100%        6


Dungeon Overview and Level Annotations

Branches:
Dungeon (3/15)

Altars:
Ashenzari

Shops:
D:1 :[?=!

Annotations:
D:3 1 runed translucent door, Terence; dogverified's ghost, amateur OnGl


Innate Abilities, Weirdness & Mutations

Your spellcasting is much less encumbered by armour.
You can use scrolls of enchantment on lesser artefacts.


Message History

You hit Terence but do no damage.
Terence is heavily wounded.
Terence hits you with a +0 short sword.
You closely miss Terence.
Terence is heavily wounded.
Terence hits you with a +0 short sword.
You completely miss Terence.
Terence is heavily wounded.
Terence hits you with a +0 short sword.
* * * LOW HITPOINT WARNING * * *
You hit Terence but do no damage.
Terence is heavily wounded.
Terence barely misses you.
You hit Terence.
Terence is heavily wounded.
Terence barely misses you.
You closely miss Terence.
Terence is heavily wounded.
Terence closely misses you. Terence attacks as he pursues you!
Terence barely misses you.
Casting: Scorch (safe; 3% risk of failure)
Confirm with . or Enter, or press ? or * to list all spells.
Flames lash Terence but do no damage.
Terence hits you with a +0 short sword. Terence attacks as he pursues you!
Terence barely misses you.
Dogverified's ghost grins evilly.
Terence attacks as he pursues you! Terence completely misses you.
Terence attacks as he pursues you! Terence hits you but does no damage.
Terence attacks as he pursues you! Terence closely misses you.
Terence hits you with a +0 short sword.
* * * LOW HITPOINT WARNING * * *
The ribbon worm expels a string of sticky webbing.
The stream of webbing hits you but does no damage.
You are caught in a web!
There is a web here.
The web tears apart.
Terence closely misses you. Terence attacks as he pursues you!
Terence hits you with a +0 short sword.
* * * LOW HITPOINT WARNING * * *
Magic courses through your body. Terence hits you with a +0 short sword.
You die...
Terence says, "Rest in peace."

. # # .. . .. #+# ... #######.
#..####.###.... . #......
#.........5....
..##.....#####..............
............#######..##)....
....#.....##@# ####.##.####
...........##@# #.......#
..###...#..###.# #.#####.#
...##⌠##.....# #.#####<# .#
..##...##..w.# #.......# ..
.##..!.W##...#########.# #
.+...♣..⌠#....## #.#####..#
.##..?..##.....# ##........#
..##...##......######.#...###.#
...##⌠##.............#.####


You could see Terence.

Vanquished Creatures
  An adder (D:2)
  A dart slug (D:2)
  3 endoplasms (D:2)
  2 giant cockroaches (D:2)
  2 hobgoblins (D:3)
  3 quokkas
  10 ball pythons
  4 bats
  4 frilled lizards (D:1)
  2 goblins
  4 kobolds
  An orc skeleton (D:3)
  6 rats
43 creatures vanquished.

Vanquished Creatures (others)
  65 foxfires
65 creatures vanquished.

Grand Total: 108 creatures vanquished

Notes
Turn   | Place    | Note
-------+----------+-------------------------------------------
     0 | D:1      | Dordric the Mountain Dwarf Fire Elementalist began the
                  | quest for the Orb.
     0 | D:1      | Reached XP level 1. HP: 14/14 MP: 3/3
    47 | D:1      | Noticed an animated shadow dragon scales
    68 | D:1      | Found Telalyom's Armour Shoppe.
    68 | D:1      | Noticed an animated crystal plate armour
   106 | D:1      | Found Aniorr's Magic Scroll Boutique.
   161 | D:1      | Reached skill level 4 in Fire Magic
   368 | D:1      | Found Zito's Jewellery Boutique.
   381 | D:1      | Reached XP level 2. HP: 20/20 MP: 4/4
   405 | D:1      | Found Zieguhev's Distillery.
   467 | D:1      | Found a faded altar of an unknown god.
   913 | D:1      | Found Laul's Book Shop.
  1125 | D:2      | Found a broken altar of Ashenzari.
  1217 | D:2      | Reached skill level 5 in Fire Magic
  1389 | D:2      | Reached XP level 3. HP: 26/26 MP: 3/5
  1604 | D:2      | Learned a level 2 spell: Scorch
  2374 | D:2      | Upgraded the game from 0.32-a0-473-gd044c6f0f0 to
                  | 0.32-a0-540-g866d13106e
  2537 | D:3      | Noticed dogverified's ghost (amateur OnGl)
  2540 | D:3      | Found a runed translucent door.
  2598 | D:3      | Noticed Terence
  2655 | D:3      | HP: 1/26 [Terence/+0 short sword (4)]
  2661 | D:3      | Slain by Terence

Illustrated notes

Levels and vault maps discovered:
D:1:      minmay_arrival_hallway, layout_loops_ring,
          hellmonk_ecumenical_altar_zigzags, serial_shops,
          nicolae_shop_mannequins, shop, shop, shop, shop, minmay_misc_feat_iff
D:2:      layout_loops_corners, basic_altar
D:3:      layout_loops_ring, nicolae_tso_besieged_by_evil,
          mainiacjoe_overflow_alcove_4, hellmonk_ghost_happy_afterlife,
          kennysheep_boxes, uniq_crazy_yiuf_cottage, uniq_terence

Skill      XL: |  1  2 |
---------------+-------+-----
Fire Magic     | 4 5 |  5.7
Dodging        | |  1.3
Stealth        | |  1.4
Spellcasting   | |  1.7
Conjurations   | |  0.8

Action                     || total
---------------------------++-------
  Melee: Short sword       ||   108
         Unarmed           ||     2
   Cast: Foxfire           ||    45
         Scorch            ||    15
    Use: Potion            ||     1
   Stab: Sleeping          ||     3
 Armour: Robe              ||    22
         Leather armour    ||     8
         Ring mail         ||    58
  Dodge: Dodged            ||    80

Table legend: (Time is in decaauts)
 A = Elapsed time spent in this place.
 B = Non-inter-level travel time spent in this place.
 C = Inter-level travel time spent in this place.
 D = Time resting spent in this place.
 E = Time spent auto-exploring this place.
 F = Levels seen in this place.
 G = Mean time per level.
                   A        B        C        D        E       F      G
               +--------+--------+--------+--------+--------+-----+--------+
         Total |   2666 |   2500 |    166 |     77 |   1912 |   3 |  888.7 |
       Dungeon |   2666 |   2500 |    166 |     77 |   1912 |   3 |  888.7 |
               +--------+--------+--------+--------+--------+-----+--------+

Top non-repeatable levels by time:
     D:2: 1249 daAuts
     D:1: 1099 daAuts
     D:3: 318 daAuts
